AoeStats
← Hector

Black Forest

505476967Analyzed
2v2 RM · 23d ago on Sep 9, 2026· 23m 59s· 4 players
Game mode
Random Map
Map size
Medium (4 player)
Population
200
Speed
Normal
Resources
Standard
Victory
Conquest
Starting age
Dark Age
Ending age
Imperial Age
RankedLock teamsTeams togetherTeam positionsShared explorationLock speedFull tech treeHidden civsTurbo modeCheats
Victory
Defeat
🇦🇹 Wu · Austria
1538
+9
🇦🇹 Saracens · Austria
1447
+12
🇨🇴 Japanese · Colombia
1390
-11
🇩🇪 Magyars · Germany
1349
-10
Big-Tobo
0:39 Loom
13:15 Feudal Age
17:36 Castle Age
15:19 Horse Collar
16:07 Double-Bit Axe
NuMa | JuanMan
6:52 Loom
9:15 Feudal Age
9:18 Man-at-Arms
10:37 Arson
11:40 Double-Bit Axe
12:56 Horse Collar
21:31 Castle Age
22:59 Bow Saw
22:50 Heavy Plow
23:55 Fortified Wall
Hector
12:20 Feudal Age
15:54 Castle Age
14:19 Double-Bit Axe
14:56 Horse Collar
DeadlyEfficiency
0:39 Loom
11:59 Feudal Age
16:45 Castle Age
15:27 Double-Bit Axe
16:08 Fletching
17:45 Bow Saw
18:20 Town Watch
22:28 Bodkin Arrow
Connection lost

Rejoining the realm…

Still unreachable

The connection could not be restored.

Session expired

The server has moved on; the page needs a fresh start.